 Dungeon Sprint DCSS version 0.29.1-14-g9c671dbff4 (webtiles) character file.

Game seed: 17536119453196377441

162 Ast3rio the Chopper (level 5, -8/52 HPs)
             Began as a Hill Orc Fighter on Feb 15, 2023.
             Was an Initiate of Beogh.
             Mangled by a wyvern (13 damage)
             ... in the Dungeon (Sprint IX: "|||||||||||||||||||||||||||||").
             The game lasted 00:01:32 (159 turns).

Ast3rio the Chopper (Hill Orc Fighter)               Turns: 159, Time: 00:01:33

Health: -8/52      AC:  9    Str: 21    XL:     5   Next: 43%
Magic:  5/5        EV: 10    Int:  8    God:    Beogh [......]
Gold:   0          SH:  5    Dex: 10    Spells: 4/4 levels left

rFire   . . .      SeeInvis .   a - +0 war axe
rCold   . . .      Faith    .   c - +0 buckler
rNeg    . . .      Spirit   .   m - +2 ring mail
rPois   .          Reflect  .   (no helmet)
rElec   .          Harm     .   (no cloak)
rCorr   .          Rampage  .   (no gloves)
Will    .....      NoTele   +   t - +0 pair of boots
Stlth   ..........              (no amulet)
HPRegen 0.17/turn               (no ring)
MPRegen 0.09/turn               (no ring)

@: no status effects
A: no striking features
a: Renounce Religion


You were in the Dungeon.
You worshipped Beogh.
Beogh was noncommittal.
You visited 1 branch

Inventory:

Hand Weapons
 a - a +0 war axe (weapon)
 n - a +1 vorpal broad axe
 o - a +2 vorpal dire flail
 p - the +2 halberd of the Absolute Madman {holy, Str+3}
   (You found it in the Dungeon)

   It has been blessed by the Shining One to cause great damage to the undead
   and demons.
   Str:       It affects your strength (+3).
 q - a +4 quarterstaff of speed
 r - a +2 rapier of venom
 s - a +2 scimitar of flaming
Armour
 b - a +0 scale mail
 c - a +0 buckler (worn)
 m - a +2 ring mail (worn)
 t - a +0 pair of boots (worn)
Jewellery
 u - a +3 ring of dexterity
 v - a +3 ring of dexterity
Wands
 l - a wand of acid (10)
Scrolls
 j - 2 scrolls of blinking
 k - 2 scrolls of amnesia
Potions
 d - a potion of might
 e - 5 potions of curing
 f - 3 potions of heal wounds
 g - a potion of haste
 h - 4 potions of magic
 i - a potion of invisibility


   Skills:
 + Level 7.4 Fighting
 + Level 7.7 Axes
 + Level 5.9 Armour
 + Level 1.5 Dodging
 + Level 6.4 Shields


You had 4 spell levels left.
You didn't know any spells.
Your spell library was empty.

Dungeon Overview and Level Annotations

Branches:
Dungeon (1/1)

Altars:
Cheibriados
Dithmenos
Elyvilon
Fedhas
Gozag
Hepliaklqana
Kikubaaqudgha
Makhleb
Nemelex Xobeh
Okawaru
Qazlal
Ru
Sif Muna
Trog
Uskayaw
Vehumet
Wu Jian
Xom
Yredelemnul
Zin
The Shining One
Beogh
Jiyva
Lugonu


Message History

You continue taking off your +0 scale mail. x4
You finish taking off your +0 scale mail.
You start putting on your armour.
You continue putting on your +2 ring mail. x5
You finish putting on your +2 ring mail.
You see here a +0 pair of boots.
You see here a +0 pair of boots.
Items here: )))))).
n - a +1 vorpal broad axe;
o - a +2 vorpal dire flail
p - the +2 halberd of the Absolute Madman {holy, Str+3}
q - a +4 quarterstaff of speed;
r - a +2 rapier of venom
s - a +2 scimitar of flaming You can't wield that with only one hand.
You see here a +0 pair of boots.
You see here a +0 pair of boots.
t - a +0 pair of boots You start putting on your armour.
You continue putting on your +0 pair of boots. x4
You finish putting on your +0 pair of boots.
u - a +3 ring of dexterity
v - a +3 ring of dexterity You open the door.
A wyvern, a komodo dragon, a troll, a centaur and 2 yaks come into view.
The wyvern hisses angrily.
The komodo dragon hisses angrily.
The troll shouts!
The centaur shouts!
The yak bellows!
The komodo dragon hisses menacingly.
You slash the wyvern!
The wyvern is moderately wounded.
The wyvern bites you. The wyvern bites you!
You hit the wyvern.
The wyvern is moderately wounded.
You block the wyvern's attack. The wyvern bites you!
You closely miss the wyvern.
The wyvern is moderately wounded.
The wyvern bites you!
* * * LOW HITPOINT WARNING * * *
You hit the wyvern.
The wyvern is heavily wounded.
The wyvern bites you!
You die... ▓▓▓▓▓▓▓▓▓▓▓▓▓▓▓▓▓▓▓▓▓▓▓▓ _______'....[...@lYlTcY. ▓▓▓▓▓▓▓▓▓▓▓▓▓▓▓▓▓▓▓▓▓▓▓▓

You could see a komodo dragon, 2 yaks, a troll, a wyvern and a centaur.

Vanquished Creatures
  A black bear (D)
  A hound (D)
  An orc wizard (D)
  An adder (D)
  A kobold (D)
  3 quokkas (D)
  2 ball pythons (D)
10 creatures vanquished.

Notes
Turn   | Place    | Note
-------+----------+-------------------------------------------
     0 | D        | Ast3rio the Hill Orc Fighter began the quest for the Orb.
     0 | D        | Reached XP level 1. HP: 19/19 MP: 1/1
    25 | D        | Noticed an orc wizard
    25 | D        | Noticed a black bear
    25 | D        | Noticed a hound
    40 | D        | Killed an orc wizard
    41 | D        | Reached skill level 5 in Fighting
    41 | D        | Reached XP level 2. HP: 29/29 MP: 2/2
    41 | D        | Reached XP level 3. HP: 36/36 MP: 3/3
    48 | D        | Killed a black bear
    49 | D        | Reached skill level 5 in Armour
    49 | D        | Reached skill level 1 in Dodging
    49 | D        | Reached XP level 4. HP: 43/47 MP: 4/4
    49 | D        | Reached XP level 5. HP: 48/52 MP: 5/5
    59 | D        | Found a roughly hewn altar of Beogh.
    59 | D        | Found a snail-covered altar of Cheibriados.
    59 | D        | Found a shadowy altar of Dithmenos.
    59 | D        | Found a white marble altar of Elyvilon.
    59 | D        | Found a blossoming altar of Fedhas.
    59 | D        | Found an opulent altar of Gozag.
    60 | D        | Found a hazy altar of Hepliaklqana.
    61 | D        | Found a viscous altar of Jiyva.
    62 | D        | Found an ancient bone altar of Kikubaaqudgha.
    63 | D        | Found a corrupted altar of Lugonu.
    85 | D        | Became a worshipper of Beogh the Brigand
    88 | D        | Found a burning altar of Makhleb.
    89 | D        | Found a sparkling altar of Nemelex Xobeh.
    90 | D        | Found an iron altar of Okawaru.
    91 | D        | Found a stormy altar of Qazlal.
    92 | D        | Found a sacrificial altar of Ru.
    93 | D        | Found a shimmering blue altar of Sif Muna.
    94 | D        | Found a bloodstained altar of Trog.
    95 | D        | Found a hide-covered altar of Uskayaw.
    96 | D        | Found a radiant altar of Vehumet.
    97 | D        | Found an ornate altar of the Wu Jian Council.
    98 | D        | Found a shimmering altar of Xom.
    99 | D        | Found a basalt altar of Yredelemnul.
   100 | D        | Found a glowing silver altar of Zin.
   101 | D        | Found a glowing golden altar of the Shining One.
   140 | D        | Got the +2 halberd of the Absolute Madman {holy, Str+3}
   155 | D        | Noticed a wyvern
   155 | D        | Noticed a yak
   155 | D        | Noticed a komodo dragon
   155 | D        | Noticed a troll
   155 | D        | Noticed a centaur
   155 | D        | Noticed a yak
   159 | D        | Mangled by a wyvern

Illustrated notes

Levels and vault maps discovered:
D:        linesprint [early_d, line_temple, items_1, d_10, items_2, lair_1,
          lair_end, items_3, orc_1, orc_end, items_4, d_15, swamp_1, shoals_1,
          snake_1, spider_1, d_20, vaults_1, items_5, swamp_end, shoals_end,
          snake_end, spider_end, vaults_end, d_27, items_6, zot_1, zot_end,
          crypt_end, forest_end, elf_end, slime_end, tomb_end, abyss_end,
          pan_hell_end]

Skill      XL: |  1  2  3 |
---------------+----------+-----
Fighting       | 5 7 |  7.4
Axes           | 4 7 |  7.7
Armour         | 4 5 |  5.9
Shields        | 4 6 |  6.4
Dodging        | 1 |  1.5

Action                   |  1- 3 |  4- 6 || total
-------------------------+-------+-------++-------
Melee: War axe           |    36 |     8 ||    44
  Use: Potion            |     1 |       ||     1
Armor: Scale mail        |    19 |     1 ||    20
Dodge: Dodged            |    16 |     2 ||    18
Block: Buckler           |    11 |     1 ||    12
